Map: Ruins of Seras

Players

SortOf - Winner!

  • Race: Zerg Zerg
  • League: Grandmaster

TerenZ

  • Race: Zerg Zerg
  • League: Master

Event: Gauntlet LotV Series 1 Qualifier 2

VOD

Have the link to the VOD?

Description

Time

  • Played on: Dec. 5, 2015, 1:18 p.m.
  • Length: 9:11

All games in this series

Show
View Real Time Build Order
Export as new Build Order

SortOf Zerg - Winner!

Build Orders: Pool First 

Get SALT Encoding   

  12  0:00  Drone  
  13  0:12  Overlord  
  13  0:17  Drone  
  14  0:31  Drone x2  
  14  0:35  Drone  
  17  0:45  Drone  
  18  0:50  Spawning Pool  
  18  0:56  Drone  
  18  1:02  Extractor  
  17  1:06  Drone  
  18  1:18  Hatchery  
  18  1:24  Drone  
  18  1:36  Queen  
  18  1:39  Overlord  
  20  1:43  Drone  
  21  1:50  Zergling x2  
  22  2:00  Drone  
  23  2:03  Metabolic Boost  
  23  2:11  Drone  
  23  2:12  Queen  
  26  2:25  Drone  
  27  2:33  Drone, Baneling Nest  
  27  2:34  Drone  
  28  2:39  Queen  
  30  2:44  Drone x2  
  30  2:50  Overlord  
  32  2:53  Drone  
  33  2:59  Drone  
  33  3:00  Drone  
  35  3:10  Overlord  
  35  3:11  Drone  
  36  3:15  Zergling x2  
  36  3:19  Zergling x2  
  38  3:22  Overlord  
  38  3:23  Drone  
  38  3:24  Drone  
  40  3:29  Drone x4  
  44  3:36  Overlord  
  43  3:45  Hatchery  
  43  3:47  Baneling  
  43  3:48  Baneling x2  
  42  3:53  Drone  
  42  3:54  Drone  
  44  4:00  Evolution Chamber  
  43  4:03  Roach Warren  
  43  4:05  Zergling x16  
  50  4:17  Drone x2  
  50  4:19  Extractor  
  51  4:25  Drone x2  
  53  4:37  Hatchery  
  53  4:38  Drone x3  
  54  4:41  Lair  
  54  4:43  Zerg Missile Weapons Level 1  
  54  4:44  Roach x2, Extractor  
  58  4:51  Roach x2, Baneling  
  62  4:57  Roach  
  59  5:15  Drone x3  
  59  5:16  Drone x2  
  59  5:17  Overlord x2  
  59  5:20  Roach  
  66  5:25  Roach  
  66  5:26  Overlord  
  67  5:38  Roach, Glial Reconstitution  
  67  5:39  Roach  
  71  5:44  Overlord  
  71  5:46  Roach  
  71  5:47  Roach x4  
  71  5:48  Overseer  
  81  5:52  Drone x3  
  84  5:58  Drone  
  84  6:00  Drone x2  
  84  6:03  Ravager  
  88  6:08  Roach  
  90  6:14  Drone x8  
  90  6:18  Extractor  
  97  6:21  Roach  
  97  6:22  Roach x3  
  105  6:25  Drone  
  105  6:27  Extractor  
  105  6:28  Drone  
  106  6:34  Overlord  
  106  6:38  Zerg Missile Weapons Level 2  
  106  6:39  Overlord  
  106  6:46  Overlord  
  106  6:52  Overlord  
  106  6:54  Drone x3, Extractor  
  107  6:55  Drone  
  107  6:56  Drone x2  
  107  6:57  Drone x3  
  107  6:58  Drone x2  
  107  7:00  Ravager x3  
  119  7:05  Overlord  
  119  7:06  Ravager  
  120  7:11  Roach x4  
  120  7:14  Overlord  
  128  7:17  Roach x4  
  128  7:20  Overlord  
  136  7:23  Overlord  
  136  7:26  Roach x3  
  142  7:35  Roach x2  
  146  7:40  Overlord  
  146  7:43  Roach x6  
  158  7:45  Overseer  
  158  7:53  Roach x5  
  158  7:55  Overlord  
  167  8:02  Roach  
  171  8:05  Roach  
  171  8:06  Roach  
  171  8:10  Overlord  
  172  8:13  Ravager x2  
  172  8:14  Ravager, Roach x2  
  172  8:15  Roach x3  
  172  8:19  Overlord  
  185  8:24  Hatchery  
  184  8:30  Roach x4  
  184  8:34  Overlord  
  192  8:38  Overlord, Ravager  
  193  8:45  Overlord  
  193  8:49  Overlord  
Show
View Real Time Build Order
Export as new Build Order

TerenZ Zerg 

Build Orders: Hatch First 

Get SALT Encoding   

  12  0:00  Drone  
  13  0:12  Overlord  
  13  0:17  Drone  
  14  0:31  Drone x2  
  17  0:35  Drone  
  17  0:54  Hatchery  
  17  0:57  Drone  
  17  1:00  Drone  
  18  1:10  Extractor  
  17  1:16  Spawning Pool  
  16  1:19  Drone  
  16  1:22  Drone  
  18  1:29  Drone  
  19  1:39  Overlord  
  19  1:53  Drone  
  20  2:03  Zergling x2  
  20  2:04  Queen  
  20  2:06  Queen  
  20  2:07  Drone  
  26  2:11  Metabolic Boost  
  26  2:16  Drone  
  26  2:19  Drone  
  28  2:26  Drone  
  29  2:30  Drone  
  29  2:36  Baneling Nest  
  29  2:40  Drone x2  
  31  2:51  Drone, Overlord  
  32  3:02  Drone x2  
  34  3:06  Overlord  
  33  3:14  Evolution Chamber  
  33  3:15  Drone  
  33  3:18  Zergling x12  
  39  3:25  Drone  
  40  3:33  Drone x2  
  42  3:42  Drone  
  42  3:45  Hatchery, Overlord x2  
  42  3:52  Zerg Ground Armor Level 1  
  42  3:54  Drone  
  42  3:55  Drone  
  44  4:02  Extractor  
  44  4:05  Roach Warren  
  42  4:17  Drone x6  
  47  4:25  Overlord  
  47  4:30  Zergling x10  
  52  4:37  Lair  
  52  4:42  Baneling x3  
  52  4:47  Roach x2  
  52  4:48  Roach, Extractor  
  57  4:57  Roach x2  
  57  5:11  Roach x3  
  57  5:18  Drone x3  
  57  5:19  Drone x3  
  63  5:30  Overlord  
  63  5:34  Hatchery  
  62  5:38  Drone x2  
  62  5:40  Overseer  
  64  5:45  Roach x2  
  64  5:46  Zerg Missile Weapons Level 1  
  68  5:51  Overlord  
  68  5:52  Drone x2  
  68  5:53  Drone x3  
  73  5:57  Overlord  
  73  6:00  Glial Reconstitution  
  73  6:06  Roach  
  73  6:10  Overlord  
  75  6:14  Ravager  
  75  6:15  Overlord  
  76  6:20  Roach x3  
  82  6:27  Extractor  
  82  6:30  Drone x3  
  82  6:31  Drone  
  82  6:32  Roach  
  87  6:35  Roach  
  87  6:37  Ravager  
  90  6:41  Roach  
  92  6:48  Queen  
  92  6:50  Roach x3  
  92  6:51  Roach  
  92  6:52  Drone x2  
  104  6:59  Drone  
  104  7:00  Drone x4  
  109  7:02  Spine Crawler  
  109  7:07  Drone  
  109  7:09  Hydralisk Den  
  109  7:10  Drone  
  109  7:11  Drone  
  110  7:19  Overlord x3, Extractor  
  110  7:20  Extractor  
  108  7:32  Overlord  
  108  7:33  Overlord  
  108  7:38  Ravager x2  
  108  7:39  Ravager  
  108  7:40  Drone x3  
  108  7:41  Roach x3  
  108  7:42  Roach x2  
  124  7:53  Roach x2  
  124  7:54  Roach  
  130  7:59  Roach x2  
  130  8:00  Roach x2  
  130  8:01  Overlord  
  130  8:03  Overlord  
  130  8:05  Overlord  
  138  8:10  Overlord  
  138  8:13  Overlord  
  138  8:20  Overlord x2  
  138  8:24  Roach  
  138  8:25  Roach x3  
  146  8:37  Roach  
  146  8:38  Roach x6  
Tags
 
Add a new tag
Caveats
  • Supply blocks, unpowered buildings, or Contaminate may cause inaccurate times.
  • Supply counts are checked every 10 seconds.